Map: Orbital Shipyard

Players

Dendroaspis - Winner!

  • Race: Zerg Zerg
  • League: Diamond

mroz

  • Race: Terran Terran
  • League: Diamond

VOD

https://www.youtube.com/watch?v=O0NHGbK8oyk&feature=youtu.be

Description

LOTV-Okko-Style

Time

  • Played on: Dec. 20, 2015, 3:50 p.m.
  • Length: 7:19
Show
View Real Time Build Order
Export as new Build Order

Dendroaspis Zerg - Winner!

Build Orders: Hatch First 

Get SALT Encoding   

  12  0:01  Drone  
  13  0:14  Overlord  
  13  0:18  Drone  
  14  0:32  Drone  
  14  0:33  Drone  
  16  0:36  Drone  
  17  0:53  Hatchery  
  17  0:55  Drone  
  17  1:09  Spawning Pool  
  16  1:11  Drone  
  16  1:15  Drone  
  18  1:22  Drone  
  19  1:35  Drone  
  20  1:43  Overlord  
  20  1:58  Queen  
  22  2:01  Zergling x2  
  22  2:02  Zergling x2  
  22  2:04  Queen  
  22  2:05  Drone  
  27  2:13  Drone  
  28  2:18  Drone  
  29  2:23  Drone  
  29  2:27  Overlord  
  30  2:34  Queen  
  30  2:35  Drone  
  33  2:39  Drone  
  33  2:40  Queen  
  36  2:47  Spine Crawler  
  36  2:49  Drone x2  
  37  2:58  Drone x2  
  39  3:06  Drone x2  
  39  3:08  Drone  
  39  3:09  Drone  
  42  3:16  Drone  
  42  3:18  Overlord  
  43  3:21  Extractor  
  43  3:22  Extractor x2  
  43  3:23  Extractor  
  39  3:28  Drone x4  
  43  3:35  Overlord  
  43  3:41  Drone x4  
  46  3:46  Drone x4  
  51  3:57  Drone x2  
  51  3:58  Lair  
  53  4:06  Drone x2, Evolution Chamber  
  53  4:07  Drone  
  53  4:08  Evolution Chamber  
  53  4:09  Drone x2, Roach Warren  
  55  4:17  Drone  
  56  4:26  Overlord  
  56  4:27  Overlord  
  56  4:31  Overlord  
  56  4:33  Zerg Missile Weapons Level 1  
  56  4:35  Zerg Ground Armor Level 1  
  56  4:45  Hatchery  
  55  4:51  Roach  
  55  4:52  Roach x4  
  65  4:55  Roach x2  
  65  4:57  Roach  
  71  5:00  Glial Reconstitution  
  71  5:03  Overseer  
  71  5:09  Roach x3  
  77  5:16  Roach x2  
  77  5:20  Overlord x2  
  81  5:26  Overlord  
  83  5:28  Roach  
  83  5:32  Overlord  
  83  5:34  Overlord  
  83  5:42  Roach x2  
  89  5:43  Roach  
  89  5:46  Roach  
  91  5:52  Roach x3  
  97  6:00  Spore Crawler  
  97  6:01  Spore Crawler  
  97  6:02  Overseer  
  95  6:07  Roach x4  
  95  6:08  Roach x2  
  95  6:11  Roach  
  109  6:17  Overlord  
  109  6:23  Ravager x3  
  109  6:24  Ravager  
  113  6:27  Drone x5  
  113  6:29  Spore Crawler  
  117  6:37  Drone x4  
  121  6:46  Drone  
  121  6:47  Drone x3  
  123  6:52  Drone x4  
  128  7:01  Drone  
  129  7:03  Extractor  
  129  7:04  Extractor  
Show
View Real Time Build Order
Export as new Build Order

mroz Terran 

Build Orders: Command Center First (CC) 

Get SALT Encoding   

  12  0:01  SCV  
  13  0:13  SCV  
  14  0:22  Supply Depot  
  14  0:25  SCV  
  15  0:44  SCV  
  16  0:56  SCV  
  17  1:02  Command Center  
  17  1:08  SCV  
  18  1:15  Barracks  
  18  1:20  SCV  
  19  1:32  SCV  
  20  1:44  SCV  
  21  2:02  Marine, Orbital Command  
  21  2:05  Command Center  
  22  2:14  Orbital Command  
  22  2:20  Marine  
  23  2:26  Supply Depot  
  23  2:27  SCV  
  24  2:31  Refinery  
  24  2:33  Refinery  
  24  2:38  Marine  
  24  2:43  SCV x2  
  27  2:58  SCV x2  
  29  3:00  Marine  
  29  3:04  Supply Depot  
  30  3:10  SCV x2  
  30  3:12  Supply Depot  
  32  3:19  Factory  
  32  3:29  Barracks Reactor  
  32  3:30  Orbital Command  
  32  3:34  Bunker  
  32  3:39  SCV x2  
  34  3:42  Bunker  
  34  3:50  Supply Depot  
  34  3:51  SCV x2  
  36  3:55  SCV  
  37  4:03  SCV x2  
  37  4:04  Refinery  
  37  4:06  Refinery  
  37  4:08  SCV  
  40  4:14  Hellion, Starport  
  40  4:16  SCV  
  40  4:17  SCV  
  44  4:19  Engineering Bay  
  44  4:20  SCV  
  44  4:22  Barracks Tech Lab  
  45  4:29  SCV x2  
  47  4:32  SCV  
  47  4:33  Hellion  
  47  4:35  Hellion  
  52  4:41  SCV x2  
  54  4:47  Missile Turret  
  54  4:52  Missile Turret  
  54  4:55  Hellion  
  54  4:56  Hellion  
  54  4:58  Banshee  
  54  4:59  Cloaking Field  
  60  5:03  SCV x3  
  63  5:12  Supply Depot  
  63  5:13  Supply Depot  
  63  5:15  SCV x2  
  63  5:19  Hellion x2  
  63  5:21  SCV  
  70  5:27  SCV x2  
  72  5:33  SCV, Orbital Command  
  73  5:39  Supply Depot, SCV  
  73  5:40  Hellion x2  
  73  5:41  Banshee  
  81  5:45  SCV  
  81  5:46  Supply Depot  
  82  5:55  Supply Depot  
  82  6:06  Hellion x2  
  86  6:11  Command Center  
  86  6:14  Factory  
  86  6:16  Factory  
  86  6:20  Missile Turret x2, Armory  
  86  6:21  Armory  
  86  6:24  Missile Turret  
  86  6:28  Hellion  
  88  6:35  Missile Turret x2  
  88  6:36  SCV  
  88  6:37  SCV  
  88  6:38  SCV  
  91  6:40  Missile Turret x2  
  73  6:58  Factory Tech Lab  
  73  6:59  Factory Tech Lab  
  75  7:01  Missile Turret  
Tags
 
Add a new tag
Caveats
  • Supply blocks, unpowered buildings, or Contaminate may cause inaccurate times.
  • Supply counts are checked every 10 seconds.